[Event "Open Gent FIDE-rated 2023"]
[Site "Gent, Belgium"]
[Date "2023.07.18"]
[Round "8.1"]
[White "Decker, Nils"]
[Black "Dreelinck, Adriaan"]
[Result "0-1"]
[TimeControl "90'+30''"]
[WhiteFideId "4699670"]
[WhiteElo "2109"]
[BlackElo "2214"]

1. e4 e6 2. d4 d5 3. Nc3 Nf6 4. e5 Nfd7 5. Nce2 c5 6. c3 Nc6 7. f4 Qb6 8. Nf3 f6 9. a3 Be7 10.
g3 O-O 11. Bh3 cxd4 12. Bxe6+ Kh8 13. exf6 Bxf6 14. cxd4 Re8 15. Bxd7 Bxd7 16. Ne5 Bxe5 17. dxe5 Nxe5 18. fxe5 Rxe5 19.
Bf4 Re4 20. Qxd5 Bc6 21. Qg5 Qxb2 22. Qh5 Qxa1+ 0-1

[Event "Open Gent FIDE-rated 2023"]
[Site "Gent, Belgium"]
[Date "2023.07.18"]
[Round "8.3"]
[White "Ikonnikov, Vyacheslav"]
[Black "Cupido, Alexander"]
[Result "1-0"]
[TimeControl "90'+30''"]
[WhiteTitle "GM"]
[WhiteElo "2467"]
[BlackElo "2084"]

1. d4 Nf6 2. Nf3 g6 3. c4 c5 4. Nc3 cxd4 5. Nxd4 Nc6 6. e4 d6 7. Be2 Nxd4 8. Qxd4 Bg7 9. Be3 O-O 10.
Qd2 Re8 11. O-O Be6 12. f3 Qa5 13. Rfc1 Rac8 14. b3 Nd7 15. Rab1 a6 16. b4 Qc7 17. Nd5 Bxd5 18. exd5 b6 19.
Bf1 e5 20. c5 bxc5 21. Bxa6 Rb8 22. a4 e4 23. f4 Qa7 24. Bb5 Bd4 25. Bc6 Re7 26. h3 f5 27. Kh2 Nf6 28. bxc5 Rxb1 29.
Bxd4 e3 30. Bxe3 Rxc1 31. Qxc1 Re4 32. Kg3 Qe7 33. Kf3 Nh5 34. g4 Ng7 35. cxd6 Qxd6 36. Bc5 Qb8 37. d6 Qb3+ 38. Be3 Rd4 39.
d7 Ne6 40. Bb5 Rxf4+ 41. Kg2 Re4 42. Bh6 Kf7 43. d8=Q Nxd8 44. Qc7+ Kf6 45. g5+ Ke6 46. Qd7+ Ke5 47. Bg7+ Kf4 48.
Qc7+ Ke3 49. Qc1# 1-0

[Event "Open Gent FIDE-rated 2023"]
[Site "Gent, Belgium"]
[Date "2023.07.18"]
[Round "8.4"]
[White "Goudriaan, Etienne"]
[Black "Dreelinck, Jacob"]
[Result "0-1"]
[TimeControl "90'+30''"]
[WhiteTitle "IM"]
[WhiteElo "2322"]
[BlackElo "2089"]

1. Nf3 Nf6 2. g3 g6 3. Bg2 Bg7 4. O-O O-O 5. c4 d6 6. d4 Nbd7 7. Nc3 e5 8. e4 exd4 9. Nxd4 Re8 10.
h3 Nc5 11. Re1 h6 12. Rb1 Bd7 13. b3 a5 14. Ndb5 Qc8 15. Kh2 Bxb5 16. cxb5 Ng4+ 17. hxg4 Bxc3 18. Rh1 Bg7 19. f3 Qe6 20.
Be3 a4 21. b4 Nd7 22. Qd2 d5 23. Bxh6 dxe4 24. Rhe1 Bxh6 25. Qxh6 Qxa2 26. f4 Nf6 27. Kh3 Qd2 28. Rbd1 Qxb4 29.
f5 Qf8 30. Qh4 g5 31. Qxg5+ Qg7 32. Qxg7+ Kxg7 33. g5 Rh8# 0-1

[Event "Open Gent FIDE-rated 2023"]
[Site "Gent, Belgium"]
[Date "2023.07.19"]
[Round "9.1"]
[White "Dreelinck, Adriaan"]
[Black "Ikonnikov, Vyacheslav"]
[Result "1/2-1/2"]
[TimeControl "90'+30''"]
[BlackTitle "GM"]
[WhiteElo "2214"]
[BlackElo "2467"]

1. d4 d5 2. c4 e6 3. Nc3 a6 4. cxd5 exd5 5. Bf4 Nf6 6. e3 Bd6 7. Bxd6 Qxd6 8. Bd3 O-O 9. h3 Re8 10.
Nf3 Nbd7 11. O-O Nf8 12. Qc2 c6 13. Na4 Ne4 14. Bxe4 Rxe4 15. Nc5 Re7 16. b4 a5 17. a3 g6 18.
Qc3 Qd8 19. Nb3 a4 20. Nc5 b6 21. Nd3 Ba6 22. Rfc1 Bb5 23. Nb2 f6 24. Nd2 g5 25. Qc2 Qc8 26. Nb1 Qa6 27. Nc3 Re6 28.
Qf5 Rd6 29. Rc2 Ng6 30. Nxb5 Qxb5 31. Rac1 Ne7 32. Qd3 Qxd3 33. Nxd3 b5 34. Nc5 1/2-1/2

[Event "Open Gent FIDE-rated 2023"]
[Site "Gent, Belgium"]
[Date "2023.07.19"]
[Round "9.2"]
[White "Dreelinck, Jacob"]
[Black "Decker, Nils"]
[Result "1-0"]
[TimeControl "90'+30''"]
[BlackFideId "4699670"]
[WhiteElo "2089"]
[BlackElo "2109"]

1. e4 e6 2. d4 d5 3. Nd2 c5 4. exd5 Qxd5 5. dxc5 Nf6 6. Ngf3 Qxc5 7. Bd3 Be7 8. O-O O-O 9. a4 Qc7 10.
Qe2 Nc6 11. c3 b6 12. Nb3 h6 13. Re1 Bd6 14. h3 Bb7 15. Ba6 Nd5 16. Bxb7 Qxb7 17. Rd1 Qc7 18. Nbd4 Nxd4 19. Nxd4 Bh2+ 20.
Kh1 Be5 21. Nb5 Qb8 22. Qe4 Bf6 23. Nd4 Qe5 24. Qf3 Qc7 25. Nb5 Qb8 26. c4 a6 27. Nd4 Ne7 28. Be3 Ng6 29. Rac1 Rc8 30.
Qe4 Qe5 31. Qb7 Qa5 32. b3 Rab8 33. Qe4 Qe5 34. Qf3 Ra8 35. Ne2 Bg5 36. Bd4 Qb8 37. Rb1 Qc7 38. Kg1 Rab8 39. g3 e5 40.
Bb2 Re8 41. Nc3 e4 42. Nxe4 Ne5 43. Qg2 Be7 44. Nc3 Qc6 45. Nd5 Bf6 46. Bxe5 1-0

[Event "Open Gent FIDE-rated 2023"]
[Site "Gent, Belgium"]
[Date "2023.07.19"]
[Round "9.3"]
[White "Stone, Andrew"]
[Black "van Osch, Mees"]
[Result "1/2-1/2"]
[TimeControl "90'+30''"]
[BlackTitle "FM"]
[WhiteElo "2102"]
[BlackElo "2320"]

1. Nf3 Nf6 2. c4 g6 3. g3 Bg7 4. Bg2 O-O 5. O-O d6 6. d4 Nbd7 7. Nc3 e5 8. e4 exd4 9. Nxd4 Re8 10.
Re1 Nc5 11. h3 Bd7 12. Bf4 h6 13. Rb1 a5 14. b3 Nh7 15. Qd2 Bxd4 16. Qxd4 Ne6 17. Qd2 Nxf4 18. Qxf4 Qf6 19. Qxf6 Nxf6 20.
e5 Rxe5 21. Rxe5 dxe5 22. Bxb7 Re8 23. Bg2 e4 24. Nd1 Bc6 25. Ne3 Nd7 26. Rd1 Ne5 27. Nd5 Bxd5 28. Rxd5 Nf3+ 29. Bxf3 exf3 30.
g4 Re1+ 31. Kh2 Re2 32. Rxa5 Rxf2+ 33. Kg3 Rc2 34. Kxf3 Rc3+ 35. Kg2 Rc2+ 36. Kg3 Rc3+ 37. Kg2 Rc2+ 1/2-1/2

[Event "Open Gent FIDE-rated 2023"]
[Site "Gent, Belgium"]
[Date "2023.07.19"]
[Round "9.4"]
[White "Bekker, Stefan"]
[Black "De Block, Yordi"]
[Result "1-0"]
[TimeControl "90'+30''"]
[WhiteTitle "FM"]
[WhiteElo "2286"]
[BlackElo "2082"]

1. Nf3 Nf6 2. g3 b6 3. Bg2 Bb7 4. c4 e6 5. b3 c5 6. O-O Be7 7. Nc3 d5 8. cxd5 Nxd5 9. Bb2 Nxc3 10.
dxc3 O-O 11. Qc2 Bf6 12.
Ng5 1-0